AoeStats
← hunnyimhome9

Black Forest

509261295Analyzed
3v3 RM · 5d ago on Sep 26, 2026· 40m 11s· 6 players
Game mode
Random Map
Map size
Normal (6 player)
Population
200
Speed
Normal
Resources
Standard
Victory
Conquest
Starting age
Dark Age
Ending age
Imperial Age
RankedLock teamsTeams togetherTeam positionsShared explorationLock speedFull tech treeHidden civsTurbo modeCheats
Victory
Defeat
🇨🇴 Saracens · Colombia
743
+12
🇨🇴 Danes · Colombia
734
+12
🇨🇴 Mongols · Colombia
725
+12
🇲🇽 Huns · Mexico
723
-15
🇺🇸 Varangians · United States
620
-11
🇨🇱 Celts · Chile
577
-9
redrazer7
3:09 Loom
14:29 Feudal Age
17:41 Double-Bit Axe
20:50 Fishing Lines
25:44 Castle Age
23:54 Horse Collar
26:47 Caravan
27:00 Bow Saw
27:44 Wheelbarrow
26:51 Pikeman
27:46 Elite Skirmisher
30:01 Gillnets
32:11 Fletching
33:21 Stone Mining
33:23 Gold Mining
36:29 Fortified Wall
37:05 Treadmill Crane
37:22 Bodkin Arrow
39:56 Padded Archer Armor
hunnyimhome9
0:43 Loom
15:15 Feudal Age
19:26 Wheelbarrow
19:43 Town Watch
23:06 Stone Mining
23:07 Gold Mining
27:54 Double-Bit Axe
30:47 Fishing Lines
32:23 Horse Collar
35:40 Castle Age
TorreOdin
17:22 Feudal Age
17:26 Man-at-Arms
18:47 Wheelbarrow
18:01 Double-Bit Axe
17:59 Horse Collar
32:37 Castle Age
_szbastian_
11:28 Feudal Age
12:18 Double-Bit Axe
14:01 Horse Collar
15:39 Arson
20:01 Forging
22:59 Castle Age
21:32 Man-at-Arms
26:03 Bow Saw
26:20 Bloodlines
26:11 Husbandry
27:27 Stone Mining
29:56 Heavy Plow
31:40 Forging
31:35 Scale Barding Armor
37:02 Iron Casting
36:47 Chain Barding Armor
38:56 Gold Mining
41:55 Imperial Age
xXKaNonXx
10:40 Feudal Age
9:29 Loom
11:19 Double-Bit Axe
14:40 Horse Collar
14:46 Horse Collar
19:47 Castle Age
18:01 Scale Mail Armor
17:55 Gold Mining
19:09 Wheelbarrow
18:59 Forging
20:47 Chain Mail Armor
21:08 Iron Casting
23:01 Squires
22:46 Gambesons
22:25 Man-at-Arms
24:06 Wheelbarrow
23:45 Arson
24:25 Bow Saw
26:55 Hand Cart
28:08 Heavy Plow
32:13 Hamask
39:18 Imperial Age
36:35 Town Watch
38:46 Town Patrol
39:11 Murder Holes
39:37 Ballistics
40:35 Conscription
39:43 Elite Varangian Guard
H3LIOS1234
5:21 Loom
10:50 Feudal Age
12:13 Double-Bit Axe
12:13 Horse Collar
20:50 Castle Age
20:57 Gold Mining
22:28 Wheelbarrow
23:26 Fletching
23:37 Padded Archer Armor
29:24 Bodkin Arrow
36:23 Ballistics
37:59 Heavy Plow
Connection lost

Rejoining the realm…

Still unreachable

The connection could not be restored.

Session expired

The server has moved on; the page needs a fresh start.